 Dungeon Crawl Stone Soup version 0.28-b1-25-g9875b3fc8c (webtiles) character file.

Game seed: 14430139500962330052

232 comborobin the Ruffian (level 5, -5/53 HPs)
             Began as a Troll Cinder Acolyte on Feb 2, 2022.
             Was a High Priest of Ignis.
             Slain by Blork the orc (6 damage)
             ... on level 4 of the Dungeon.
             The game lasted 00:02:26 (1640 turns).

comborobin the Ruffian (Troll Cinder Acolyte)       Turns: 1640, Time: 00:02:27

Health: -5/53      AC:  4    Str: 22    XL:     5   Next: 73%
Magic:  5/5        EV:  8    Int: 10    God:    Ignis [*****.]
Gold:   81         SH:  6    Dex:  7    Spells: 6/6 levels left

rFire   + + .      SeeInvis .     - Unarmed
rCold   . . .      Faith    .   d - +0 kite shield
rNeg    . . .      Spirit   .   b - +0 robe
rPois   .          Reflect  .   (helmet restricted)
rElec   .          Harm     .   (no cloak)
rCorr   .          Rampage  .   (gloves unavailable)
Will    .....                   (boots unavailable)
Stlth   +.........              (no amulet)
HPRegen 0.97/turn               c - ring of protection from fire
MPRegen 0.09/turn               (no ring)

@: no status effects
A: large, unfitting armour, claws 3, regeneration 1, shaggy fur 1, tough skin 1
a: Renounce Religion, Fiery Armour, Foxfire Swarm, Rising Flame


You were on level 4 of the Dungeon.
You worshipped Ignis.
Ignis was extremely pleased with you.
You visited 1 branch of the dungeon, and saw 4 of its levels.

You collected 81 gold pieces.

Inventory:

Hand Weapons
 a - a -1 falchion of flaming
Missiles
 j - 3 poisoned darts (quivered)
 n - a throwing net
Armour
 b - a +0 robe (worn)
 d - a +0 kite shield (worn)
Jewellery
 c - a ring of protection from fire (left claw)
 g - a ring of fire
 h - an amulet of guardian spirit
Scrolls
 e - 4 scrolls of identify {unknown}
 f - a scroll of fog {unknown}
 k - a scroll of enchant weapon {unknown}
 l - a scroll of fear {unknown}
 m - a scroll of torment {unknown}
Potions
 i - 2 potions of heal wounds {unknown}
 o - a potion of brilliance {unknown}
 q - a potion of lignification {unknown}


   Skills:
 + Level 3.0 Fighting
 - Level 2.4 Long Blades
 + Level 1.5 Dodging
 + Level 1.5 Shields
 * Level 4.0 Unarmed Combat
 - Level 1.0 Spellcasting
 - Level 2.1 Fire Magic


You had 6 spell levels left.
You didn't know any spells.
Your spell library contained the following spells:

 Spells                   Type           Power      Damage    Failure   Level
 Scorch                   Fire           8%         2d5       47%         2


Dungeon Overview and Level Annotations

Branches:
Dungeon (4/15)
 Temple: D:4-7

Altars:

Shops:
D:3 :

Annotations:
D:4 Blork the orc


Innate Abilities, Weirdness & Mutations

You are too large for most types of armour.
You have claws for hands.
Your natural rate of healing is unusually fast.
You are covered in fur. (AC +1)
You have tough skin. (AC +1)


Message History

No target in view!
Something hits you!
You barely miss something.
You hear some strange, mumbled words.
A magic dart appears from out of thin air!
The magic dart hits you.
You miss something. Something hits you!
You scratch something but do no damage. You block something's attack.
You scratch something.
You hear some strange, mumbled words.
You claw something! Something hits you.
You miss something.
You hear some strange, mumbled words.
A puff of flame appears from out of thin air!
The puff of flame hits you. You resist.
You hear some strange, mumbled words.
A magic dart appears from out of thin air!
The magic dart hits you.
You scratch something. Something hits you.
You hear some strange, mumbled words.
A puff of frost appears from out of thin air!
The puff of frost hits you!
You barely miss something.
You hear some strange, mumbled words.
You barely miss something. Something hits you!
* * * LOW HITPOINT WARNING * * *
Something hits you!
* * * LOW HITPOINT WARNING * * *
You scratch something but do no damage.
You hear some strange, mumbled words.
A magic dart appears from out of thin air!
The magic dart hits you.
* * * LOW HITPOINT WARNING * * *
Okay, then.
Activating: Foxfire Swarm
Press: ? - help, Dir - look around, f - activate Flames leap up around you!
Something hits you.
* * * LOW HITPOINT WARNING * * *
Something hits you.
You die...

######## .#.
..#...#
...###.#...#
.....#.#...####
....#...vvvvv.#
#........vvvvv.#
....##...vv@{v.#
#......vvv#v##
#.#.#<.vvv# # ..
#.....# .
#.......#
##.###### #.#
... .#.#


There were no monsters in sight!

Vanquished Creatures
  2 orc priests (D:3)
  3 orc wizards (D:3)
  3 adders (D:2)
  3 worms
  3 dart slugs
  10 orcs (D:3)
  5 bats
  2 endoplasms
  3 giant cockroaches (D:3)
  4 goblins
  3 hobgoblins
  2 quokkas
  3 ball pythons
  2 frilled lizards
  3 kobolds
  4 rats
55 creatures vanquished.

Vanquished Creatures (others)
  19 foxfires (D:3)
19 creatures vanquished.

Grand Total: 74 creatures vanquished

Notes
Turn   | Place    | Note
-------+----------+-------------------------------------------
     0 | D:1      | comborobin the Troll Cinder Acolyte began the quest for the
                  | Orb.
     0 | D:1      | Reached XP level 1. HP: 22/22 MP: 1/1
    38 | D:1      | Reached skill level 1 in Unarmed Combat
    96 | D:1      | Reached XP level 2. HP: 28/29 MP: 2/2
   157 | D:2      | Reached skill level 2 in Unarmed Combat
   425 | D:2      | Reached XP level 3. HP: 36/36 MP: 3/3
   700 | D:2      | Reached skill level 3 in Unarmed Combat
   823 | D:3      | Found Lemoboav's Book Boutique.
   888 | D:3      | Reached XP level 4. HP: 41/44 MP: 4/4
  1031 | D:3      | Reached skill level 1 in Shields
  1231 | D:3      | Reached skill level 1 in Dodging
  1355 | D:3      | Reached XP level 5. HP: 37/52 MP: 3/5
  1375 | D:3      | Reached skill level 4 in Unarmed Combat
  1627 | D:4      | Noticed Blork the orc
  1640 | D:4      | HP: 1/53 [something (4)]
  1640 | D:4      | Slain by Blork the orc

Illustrated notes

Levels and vault maps discovered:
D:1:      mushboom_english_gardens, layout_rooms, serial_shops,
          nicolae_shop_window_shopping, nrook_mini_backslash
D:2:      layout_basic, kennysheep_path_1, minmay_quadrilaterals
D:3:      layout_basic, serial_shops, nicolae_shop_hallway_stairs
D:4:      nicolae_cairo_tiling_large_dashed, layout_loops_cross,
          okawaru_gym_becter, minmay_temple_entry_statues_pillars,
          uniq_blork_the_orc, uniq_pikel, uniq_eustachio

Skill      XL: |  1  2  3  4  5 |
---------------+----------------+-----
Unarmed Combat | 1 2 3 4 |  4.0
Shields        | 1 |  1.5
Dodging        | 1 |  1.5
Fighting       | 3 |  3.0
Long Blades    | |  2.4
Spellcasting   | |  1.0
Fire Magic     | |  2.1

Action                   |  1- 3 |  4- 6 || total
-------------------------+-------+-------++-------
Melee: Unarmed           |   101 |    84 ||   185
Throw: Dart              |       |     1 ||     1
Invok: Foxfire Swarm     |       |     2 ||     2
  Use: Potion            |     2 |     2 ||     4
Armor: Robe              |    42 |    16 ||    58
Dodge: Dodged            |    46 |    26 ||    72
Block: Kite shield       |    16 |    15 ||    31
